 Dungeon Crawl Stone Soup version 0.27-a0-1217-g8a41f320e8 (webtiles) character file.

Game seed: 10851491329155681271

1493 Froggeryz the Frost Mage (level 8, -11/63 HPs)
             Began as a Demigod Ice Elementalist on June 6, 2021.
             Mangled by Duvessa
             ... wielding a +1 short sword of flaming
              (17 damage)
             ... on level 5 of the Dungeon.
             The game lasted 00:08:41 (5374 turns).

Froggeryz the Frost Mage (Demigod Ice Elementalist) Turns: 5374, Time: 00:08:41

Health: -11/63     AC: 13    Str:  9    XL:     8   Next: 26%
Magic:  3/14       EV: 13    Int: 25    God:
Gold:   21         SH:  0    Dex: 14    Spells: 4/11 levels left

rFire    x . .     SeeInvis .   l - +1 mace (holy)
rCold    + . .     Faith    .   (no shield)
rNeg     . . .     Spirit   .   a - +0 robe
rPois    +         Reflect  .   (no helmet)
rElec    .         Harm     .   k - +0 cloak {rPois}
rCorr    .         Rampage  .   (no gloves)
Will     .....                  (no boots)
Stlth    ++........             (no amulet)
HPRegen  0.20/turn              o - ring of ice
MPRegen  0.14/turn              (no ring)

@: ice-armoured, freezing walls
A: high mp 1, forlorn
a: no special abilities


You were on level 5 of the Dungeon.
You visited 1 branch of the dungeon, and saw 5 of its levels.
You also visited: Sewer.

You collected 230 gold pieces.
You spent 209 gold pieces at shops.

Inventory:

Hand Weapons
 c - a +0 whip
 l - a +1 mace of holy wrath (weapon)
Missiles
 t - 3 atropa-tipped darts
Armour
 a - a +0 robe (worn)
 k - a +0 cloak of poison resistance (worn)
Jewellery
 o - a ring of ice (left hand)
 u - a +4 ring of protection
Wands
 h - a wand of charming (7)
 r - a wand of iceblast (12)
Scrolls
 e - a scroll of enchant armour {unknown}
 g - a scroll of amnesia {unknown}
 i - a scroll of holy word {unknown}
 s - a scroll of fear
Potions
 b - 2 potions of lignification {unknown}
 d - 3 potions of haste
 f - 5 potions of curing
 j - a potion of cancellation {unknown}
 m - a potion of flight {unknown}
 n - 2 potions of heal wounds
 q - a potion of invisibility {unknown}


   Skills:
 - Level 3.0 Fighting
 + Level 4.6 Dodging
 - Level 1.7 Stealth
 - Level 2.0 Spellcasting
 * Level 8.8 Ice Magic


You had 4 spell levels left.
You knew the following spells:

 Your Spells              Type           Power      Damage    Failure   Level
a - Freeze                Ice            100%       1d11      1%          1
b - Frozen Ramparts       Ice            100%       1d12      1%          3
c - Ozocubu's Armour      Ice            63%        N/A       1%          3

Your spell library contained the following spells:

 Spells                   Type           Power      Damage    Failure   Level
 Animate Skeleton         Necr           4%         N/A       11%         1
 Apportation              Tloc           4%         N/A       11%         1
 Corona                   Hex            2%         N/A       11%         1
 Summon Small Mammal      Summ           8%         N/A       11%         1
 Hailstorm                Conj/Ice       37%        3d9       19%         4
 Metabolic Englaciation   Hex/Ice        18%        N/A       45%         5


Dungeon Overview and Level Annotations

Branches:
Dungeon (5/15)              Sewer (visited)
 Temple: D:4-7

Shops:
D:4 !

Annotations:
D:5 Duvessa


Innate Abilities, Weirdness & Mutations

Your attributes grow dramatically as you level up.
You have an increased reservoir of magic. (+10% MP)
You shall have no god before yourself.


Message History

You kill the hound!
The wall freezes Duvessa.
Duvessa hits you but does no damage. The heat melts your icy armour.
Blink to where?
Press: ? - help, Dir - move target Your icy armour and frozen ramparts will break if you move.
Continue?
Your icy armour cracks and falls away as you move.
The frozen ramparts melt away as you move.
As you read the scroll of blinking, it crumbles to dust.
Found 9 arrows.
Found a stone staircase leading up.
You feel much better.
Casting: Ozocubu's Armour (safe; 1% risk of failure)
Confirm with . or Enter, or press ? or * to list all spells.
Casting: Frozen Ramparts (safe; 1% risk of failure)
Press: ? - help, Dir - look around, f - activate You feel a surge of power!
The walls around you are covered in ice.
The wall freezes Duvessa!
Aiming: Iceblast
Press: ? - help, Shift-Dir - straight line, f - Duvessa
Aim: Duvessa, wielding a +1 short sword of flaming and wearing a +0 leather armour (heavily wounded, berserk)
The mass of ice explodes!
The iceblast engulfs Duvessa!
Duvessa is severely wounded.
You hear a bark!
The wall freezes Duvessa.
A wight comes into view. It is wielding a +0 long sword.
A phantom comes into view.
You hit Duvessa.
Duvessa is severely wounded.
The wall freezes Duvessa.
Duvessa closely misses you.
The wall freezes Duvessa.
Duvessa hits you with a +1 short sword of flaming!
* * * LOW HITPOINT WARNING * * *
Duvessa burns you!
* * * LOW HITPOINT WARNING * * *
Casting: Frozen Ramparts (safe; 1% risk of failure)
Confirm with . or Enter, or press ? or * to list all spells.
You feel a surge of power! A film of ice covers your body!
The wall freezes Duvessa.
Duvessa hits you with a +1 short sword of flaming!
You die...

.. ... .... ######## #..
#....... . # ...
#.......
...#.####z#######.......
<..............)........
(......@e......†........
####.############.......
#...........
#...........
#.e..e####..
#.......##..
...........##..
.(.........##..
...........##..


You could see Duvessa (berserk) and a wight.

Vanquished Creatures
  Sigmund (D:3)
  Eustachio (D:5)
  Menkaure (D:5)
  A water moccasin (D:5)
  2 black bears (D:5)
  A phantom (D:4)
  2 bullfrogs (Sewer)
  A scorpion (D:5)
  Dowan (D:5)
  4 hounds
  An orc priest (D:3)
  Crazy Yiuf (D:2)
  2 orc wizards (D:3)
  A hound zombie (D:5)
  A hound skeleton (D:4)
  7 adders
  An ufetubus (D:5)
  A dart slug (D:4)
  17 orcs
  19 endoplasms
  14 giant cockroaches
  11 goblins
  3 hobgoblins
  5 jackals
  5 kobolds
  13 quokkas
  20 ball pythons
  6 bats
  12 frilled lizards
  9 rats
164 creatures vanquished.

Vanquished Creatures (others)
  A dart slug (D:1)
  2 plants (D:3)
3 creatures vanquished.

Grand Total: 167 creatures vanquished

Notes
Turn   | Place    | Note
-------+----------+-------------------------------------------
     0 | D:1      | Froggeryz the Demigod Ice Elementalist began the quest for
                  | the Orb.
     0 | D:1      | Reached XP level 1. HP: 14/14 MP: 5/5
   303 | D:1      | Reached XP level 2. HP: 18/20 MP: 2/7
   495 | D:1      | Reached skill level 4 in Ice Magic
  1273 | D:2      | Reached XP level 3. HP: 18/27 MP: 4/8
  1617 | D:2      | Found a runed translucent door.
  1618 | D:2      | Noticed Crazy Yiuf
  1624 | D:2      | Killed Crazy Yiuf
  1625 | D:2      | Reached skill level 1 in Fighting
  1978 | D:3      | Reached XP level 4. HP: 35/35 MP: 6/9
  2179 | D:3      | Reached skill level 5 in Ice Magic
  2250 | D:3      | Found a glowing drain.
  2329 | Sewer    | Entered a sewer
  2598 | Sewer    | Reached XP level 5. HP: 41/41 MP: 7/10
  2606 | Sewer    | Learned a level 3 spell: Frozen Ramparts
  3036 | Sewer    | Reached skill level 6 in Ice Magic
  3036 | Sewer    | Reached XP level 6. HP: 43/50 MP: 5/11
  3514 | D:3      | Noticed Sigmund
  3527 | D:3      | Killed Sigmund
  4159 | D:4      | Reached XP level 7. HP: 56/57 MP: 5/13
  4479 | D:4      | Reached skill level 7 in Ice Magic
  4739 | D:4      | Found Qiymiguh's Distillery.
  4744 | D:4      | Learned a level 3 spell: Ozocubu's Armour
  4749 | D:4      | Bought a potion of curing for 33 gold pieces
  4749 | D:4      | Bought a potion of degeneration for 11 gold pieces
  4749 | D:4      | Bought a potion of heal wounds for 55 gold pieces
  4749 | D:4      | Bought a potion of haste for 110 gold pieces
  4960 | D:5      | Entered Level 5 of the Dungeon
  4961 | D:5      | Noticed Eustachio
  4972 | D:5      | Killed Eustachio
  4973 | D:5      | Reached skill level 8 in Ice Magic
  5042 | D:5      | Reached XP level 8. HP: 55/63 MP: 10/14
  5093 | D:5      | Noticed Menkaure
  5100 | D:5      | Killed Menkaure
  5353 | D:5      | Noticed Dowan
  5356 | D:5      | Noticed Duvessa
  5367 | D:5      | Killed Dowan
  5374 | D:5      | Mangled by Duvessa

Illustrated notes

Levels and vault maps discovered:
D:1:      minmay_arrival_open_corners, layout_basic, lemuel_old_faithful
D:2:      layout_rooms, uniq_crazy_yiuf_cottage
D:3:      layout_basic, lemuel_round_altar, amcnicky_altar_gilded,
          hellmonk_ecumenical_altar_crossroads, portal_sewer_entry_c,
          serial_bayou_pond_e, uniq_sigmund
D:4:      layout_rooms, lemuel_tele_altar, serial_shops, shop
D:5:      layout_basic, abandoned_shop, uniq_eustachio, uniq_menkaure,
          uniq_duvessa

Skill      XL: |  1  2  3  4  5  6  7 |
---------------+----------------------+-----
Dodging        | 2 4 |  4.6
Spellcasting   | 2 |  2.0
Ice Magic      | 4 5 6 8 |  8.8
Fighting       | 1 2 3 |  3.0
Stealth        | |  1.7

Action                   |  1- 3 |  4- 6 |  7- 9 || total
-------------------------+-------+-------+-------++-------
Melee: Unarmed           |     3 |       |       ||     3
       Whip              |    35 |    50 |    32 ||   117
       Mace              |       |       |    30 ||    30
 Cast: Freeze            |    55 |    84 |    13 ||   152
       Frozen Ramparts   |       |     9 |    12 ||    21
       Ozocubu's Armour  |       |       |     4 ||     4
Evoke: Wand              |       |       |     1 ||     1
  Use: Scroll            |       |       |     4 ||     4
       Potion            |       |       |     1 ||     1
 Stab: Sleeping          |     2 |     1 |       ||     3
Armor: Robe              |    21 |    28 |    32 ||    81
Dodge: Dodged            |    69 |    73 |    59 ||   201

Table legend: (Time is in decaauts)
 A = Elapsed time spent in this place.
 B = Non-inter-level travel time spent in this place.
 C = Inter-level travel time spent in this place.
 D = Time resting spent in this place.
 E = Time spent auto-exploring this place.
 F = Levels seen in this place.
 G = Mean time per level.
                   A        B        C        D        E       F      G
               +--------+--------+--------+--------+--------+-----+--------+
         Total |   5456 |   5406 |     50 |    289 |   3964 |   6 |  909.3 |
       Dungeon |   4662 |   4612 |     50 |    198 |   3513 |   5 |  932.4 |
         Sewer |    794 |    794 |      0 |     91 |    451 |   1 |  794.0 |
               +--------+--------+--------+--------+--------+-----+--------+

Top non-repeatable levels by time:
     D:3: 1544 daAuts
     D:1: 1033 daAuts
     D:2: 833 daAuts
     D:4: 827 daAuts
   Sewer: 794 daAuts
     D:5: 423 daAuts
